 Dungeon Crawl Stone Soup version 0.31-a0-331-geda263fcf1 (webtiles) character file.

Game seed: 13079271496510324485

261192 klm127 the Executioner (level 19, -7/183 HPs)
             Began as a Minotaur Fighter on July 19, 2023.
             Was the Champion of the Shining One.
             Mangled by Donald
             ... wielding a +5 eveningstar of protection
              (39 damage)
             ... on level 4 of the Vaults on July 20, 2023.
             The game lasted 03:23:19 (47330 turns).

klm127 the Executioner (Minotaur Fighter)          Turns: 47330, Time: 03:23:20

Health: -7/183     AC: 28    Str: 25    XL:     19   Next: 57%
Magic:  33/33      EV: 11    Int: 13    God:    the Shining One [******]
Gold:   780        SH: 13    Dex: 12    Spells: 18/18 levels left

rFire   + . .        a - +4 broad axe (flame)
rCold   + + .        c - +0 buckler
rNeg    + + +        r - +2 storm dragon scales
rPois   +            (helmet unavailable)
rElec   +            b - scarf {rC+ rF+}
rCorr   .            R - +2 pair of gloves
SInv    .            T - +0 pair of boots of the Elephant {rPois}
Will    ++...        y
                       - Hermit's Pendant {Faith Invo=14 Evo=0 MP+5} Stlth
                     Z - +4 ring of protection
HPRegen 0.50/turn    A - ring of Coronation {rC+ Will+ Int+6 Stlth+}
MPRegen 0.23/turn

%: faith
@: on berserk cooldown, slowed, glowing, very slow
A: horns 3, retaliatory headbutt, large bone plates 1, sense surroundings 1
}: 1/15 runes: gossamer
a: Renounce Religion, Divine Shield, Cleansing Flame, Summon Divine Warrior


You were on level 4 of the Vaults.
You worshipped the Shining One.
The Shining One was exalted by your worship.
You visited 7 branches of the dungeon, and saw 32 of its levels.
You visited 1 bazaar.
You also visited: Ossuary, Bailey and Volcano.

You collected 3725 gold pieces.
You spent 2945 gold pieces at shops.

Inventory:

Hand Weapons
 a - a +4 broad axe of flaming (weapon)
 E - a +4 war axe of venom
 N - a +2 morningstar of protection
 U - a +2 halberd of electrocution
Missiles
 m - 49 poisoned darts
 M - 8 curare-tipped darts
Armour
 b - a scarf of resistance (worn)
 c - a +0 buckler (worn)
 r - +2 storm dragon scales (worn)
 t - the +8 chain mail "Lote" {Rampage Dex+3}
   (You found it on level 4 of the Lair of Beasts)

   Dex:       It affects your dexterity (+3).
   Rampage:   It bestows one free step when moving towards enemies.
 u - an orb of wrath
 C - a +4 plate armour of cold resistance
 R - a +2 pair of gloves (worn)
 T - the +0 pair of boots of the Elephant (worn) {rPois}
   (You found it on level 5 of the Lair of Beasts)

   rPois:     It protects you from poison.
Jewellery
 l - a ring of protection from fire
 y - the Hermit's Pendant (around neck) {Faith Invo=14 Evo=0 MP+5}
   (You found it on level 4 of the Dungeon)

   [amulet of faith]

   Invo=14: It sets your Invocations skill to 14.
   Evo=0: It sets your Evocations skill to 0.
   It allows you to gain divine favour quickly.
   MP:        It affects your magic capacity (+5).
 A - the ring of Coronation (right hand) {rC+ Will+ Int+6 Stlth+}
   (You found it on level 1 of the Spider Nest)

   [ring of intelligence]

   Int:       It affects your intelligence (+6).
   rC:        It protects you from cold.
   Will:      It increases your willpower.
   Stlth:     It makes you more stealthy.
 D - an amulet of reflection
 G - a ring of resist corrosion
 S - an amulet of guardian spirit
 Z - a +4 ring of protection (left hand)
Wands
 e - a wand of mindburst (8)
 p - a wand of light (21) (quivered)
 O - a wand of polymorph (11)
 P - a wand of flame (43)
 X - a wand of roots (18)
 Y - a wand of digging (26)
Scrolls
 h - 10 scrolls of poison
 j - 4 scrolls of blinking
 w - 8 scrolls of teleportation
 z - 5 scrolls of revelation
 H - 4 scrolls of enchant armour
 I - 9 scrolls of fog
 J - 3 scrolls of fear
 K - 2 scrolls of silence
Potions
 d - 6 potions of might
 f - 5 potions of curing
 i - 3 potions of resistance
 o - 6 potions of ambrosia
 q - a potion of cancellation
 s - 2 potions of magic
 B - 2 potions of enlightenment {unknown}
 F - 3 potions of berserk rage
 V - 2 potions of experience {unknown}


   Skills:
 + Level 19.2 Fighting
 + Level 23.8 Axes
 - Level 10.0 Throwing
 + Level 16.3 Armour
 - Level 7.0 Dodging
 * Level 20.9 Shields
 - Level 5.0(14.0) Invocations
 - Level 5.0(0.0) Evocations


You had 18 spell levels left.
You didn't know any spells.
Your spell library contained the following spells:

 Spells                   Type           Power      Damage    Failure   Level
 Apportation              Tloc           0%         N/A       77%         1
 Freeze                   Ice            0%         1d3       77%         1
 Magic Dart               Conj           0%         1d3       77%         1
 Necrotise                Necr           0%         1d4       77%         1
 Shock                    Conj/Air       0%         1d3       77%         1
 Sting                    Tmut/Pois      0%         1d3       77%         1
 Summon Small Mammal      Summ           0%         N/A       77%         1
 Blink                    Tloc           0%         N/A       88%         2
 Call Imp                 Summ           0%         N/A       88%         2
 Cigotuvi's Dreadful Rot  Necr/Pois/Air  0%         N/A       88%         2
 Ensorcelled Hibernation  Hex/Ice        0%         N/A       88%         2
 Passwall                 Tmut/Erth      0%         N/A       88%         2
 Poisonous Vapours        Pois/Air       0%         N/A       88%         2
 Sublimation of Blood     Necr           0%         N/A       88%         2
 Wereblood                Tmut           0%         N/A       88%         2
 Call Canine Familiar     Summ           0%         N/A       98%         3
 Dazzling Flash           Conj/Hex       0%         N/A       98%         3
 Frozen Ramparts          Ice            0%         1d1       98%         3
 Hailstorm                Conj/Ice       0%         3d3       98%         3
 Ignite Poison            Fire/Tmut/Pois 0%         N/A       98%         3
 Inner Flame              Hex/Fire       0%         N/A       98%         3
 Mephitic Cloud           Conj/Pois/Air  0%         N/A       98%         3
 Portal Projectile        Hex/Tloc       0%         N/A       98%         3
 Summon Guardian Golem    Hex/Summ       0%         N/A       98%         3
 Swiftness                Air            0%         N/A       98%         3
 Volatile Blastmotes      Fire/Tloc      0%         2d10      98%         3
 Airstrike                Air            0%         2d(0-16)  100%        4
 Flame Wave               Conj/Fire      0%         2d4       100%        4
 Leda's Liquefaction      Hex/Erth       0%         N/A       100%        4
 Manifold Assault         Tloc           0%         N/A       100%        4
 Olgreb's Toxic Radiance  Pois           0%         N/A       100%        4
 Petrify                  Tmut/Erth      0%         N/A       100%        4
 Sticky Flame             Conj/Fire      0%         2d3       100%        4
 Summon Ice Beast         Ice/Summ       0%         N/A       100%        4
 Fireball                 Conj/Fire      0%         3d3       100%        5
 Freezing Cloud           Conj/Ice/Air   0%         6-21      100%        5
 Irradiate                Conj/Tmut      0%         3d11      100%        5
 Iskenderun's Battlesphe  Conj           0%         2d6       100%        5
 Yara's Violent Unravell  Hex/Tmut       0%         3d3       100%        5
 Conjure Ball Lightning   Conj/Air       0%         3x3d6     100%        6
 Simulacrum               Ice/Necr       0%         N/A       100%        6
 Starburst                Conj/Fire      0%         6d3       100%        6
 Enfeeble                 Hex            0%         N/A       100%        7
 Orb of Destruction       Conj           0%         9d5       100%        7
 Ozocubu's Refrigeration  Ice            0%         4d7       100%        7
 Summon Hydra             Summ           0%         N/A       100%        7
 Maxwell's Capacitive Co  Air            0%         ∞         100%        8
 Polar Vortex             Ice            0%         N/A       100%        9


Dungeon Overview and Level Annotations

Branches:
Dungeon (15/15)            Temple (1/1) D:7            Lair (5/5) D:8
 Shoals (0/4) Lair:2       Spider (4/4) Lair:3        Slime (0/5) Lair:4
    Orc (2/2) D:10            Elf (1/3) Orc:2        Vaults (4/5) D:13
  Crypt (0/3) Vaults:2     Depths (0/4) D:15        Ossuary (visited)
 Bailey (visited)         Volcano (visited)

Altars:
Ashenzari
Cheibriados
Dithmenos
Elyvilon
Fedhas
Gozag
Hepliaklqana
Kikubaaqudgha
Makhleb
Nemelex Xobeh
Okawaru
Qazlal
Ru
Sif Muna
Trog
Uskayaw
Vehumet
Wu Jian
Xom
Yredelemnul
Zin
The Shining One
Jiyva
Lugonu

Shops:
D:12 (   D:14 (   Orc:2 [(([

Portals:
Abyss: Lair:5

Annotations:
D:12 2 transporters
Vaults:4 Donald, Sojobo


Innate Abilities, Weirdness & Mutations

You have a pair of large horns on your head.
You reflexively headbutt those who attack you in melee.
You are partially covered in large bone plates. (SH +4)
You passively map a small area around you.


Message History

Things that are here:
a +0 dagger; a +0 robe Donald says, "I hate this place."
Donald says, "Don't bother, there's only junk at the bottom."
Donald closely misses your entropy weaver.
Donald says, "You stick out like a sore thumb.
Or at least, a shining one."
Donald hits your entropy weaver with a +5 eveningstar of protection.
Donald blocks your entropy weaver's attack. x2
Your entropy weaver completely misses Donald.
Your entropy weaver hits Donald but does no damage.
Donald hits your entropy weaver with a +5 eveningstar of protection!
Your entropy weaver hits Donald!
Your entropy weaver hits Donald but does no damage.
Your entropy weaver hits Donald!
Your entropy weaver hits Donald but does no damage.
Donald says, "I don't remember getting an invitation to a convocation."
Donald hits your entropy weaver with a +5 eveningstar of protection!!!
Donald blocks your entropy weaver's attack.
Your entropy weaver hits Donald but does no damage.
Donald blocks your entropy weaver's attack. x2
Donald hits your entropy weaver with a +5 eveningstar of protection!!
Your entropy weaver dies!
Your entropy weaver's corpse dissolves into shadows!
Donald says, "The people that built this place?
They must be crazy."
Donald is no longer moving quickly.
Donald says, "Hah!
I saw you coming a mile away."
Donald gestures wildly while chanting.
Donald seems to speed up.
A red film seems to cover your vision as you go berserk!
You feel yourself moving faster!
You feel mighty!
Donald says, "You're really ugly.
Did you know that?"
You feel a strong urge to attack something.
Donald says, "The Vaults?
They should've called it the Dumps."
You feel your anger nearly subside.
You are no longer berserk.
You are exhausted.
You feel yourself slow down.
There is an open door here.
Donald winces.
Donald hits you with a +5 eveningstar of protection!!!
You die...

....# ####...#### #..#
....# #.<.# #..# ....#
####...#### #..# ....#
#.........# #Q.# ....#
#.<.......# #..# ....#
#.........# #..# ....#
####...#### #@.# ....#
#...# #..# ....# #.@.# #..#
....#############@######..#
.......................Q..#
..........................#
###########################


You could see Donald (fast, strong, reflecting).

Vanquished Creatures
  Mara (Vaults:2)
  Bai Suzhen (Vaults:2)
  A sphinx (Vaults:1)
  Gastronok (D:9)
  2 tengu reavers (Vaults:1)
  A storm dragon (Vaults:3)
  A shadow dragon (Vaults:3)
  The ghost of lessens the Executioner, a journeyman HOFi of Beogh (Spider:1)
  9 emperor scorpions
  A fire giant (Vaults:3)
  10 vault wardens
  A ghost moth (Spider:3)
  An orc warlord (Orc:2)
  13 ironbound preservers
  2 formless jellyfish
  2 very ugly things (D:15)
  A broodmother (Spider:3)
  2 war gargoyles
  9 ironbound thunderhulks
  A deep elf annihilator (Vaults:4)
  3 spark wasps
  7 dire elephants (Vaults:1)
  10 entropy weavers
  The ghost of pigah the Martial Artist, a journeyman OpSh of Gozag (Lair:2)
  A fire dragon (Volcano)
  Harold (D:10)
  6 great orbs of eyes
  4 yaktaur captains
  A rakshasa (D:14)
  2 peacekeepers
  3 catoblepae
  10 ironbound frosthearts
  6 hydras
  4 jorogumos
  7 boulder beetles
  9 centaur warriors
  3 ogre magi
  A radroach (Spider:4)
  15 two-headed ogres
  12 demonic crawlers
  2 orc high priests (Orc:2)
  9 death yaks
  A dancing weapon (Spider:1)
  5 tengu warriors
  A deep elf knight (Orc:2)
  3 thrashing horrors (Lair:5)
  A skyshark (Lair:4)
  6 skeletal warriors
  A fire crab (Lair:4)
  4 pharaoh ants
  A sea snake (shapeshifter) (Orc:2)
  A glowing orange brain (shapeshifter) (Vaults:3)
  37 deep trolls
  A glowing orange brain (D:15)
  4 steelbarb worms
  10 ironbound convokers
  5 wizards
  14 orb spiders
  8 lindwurms
  8 orc knights
  A harpy (Vaults:1)
  A necromancer (Vaults:2)
  3 deep elf pyromancers
  27 ugly things
  A phantasmal warrior (Vaults:4)
  25 wolf spiders
  A manticore (D:14)
  5 cyclopes
  An oklob plant (Lair:5)
  An orc sorcerer (Orc:2)
  5 moths of wrath
  8 elephants
  3 merfolk sirens (Lair:2)
  6 black mambas
  Joseph (D:9)
  A gargoyle (D:13)
  6 smoke demons
  13 vault sentinels
  4 large abominations (Lair:5)
  9 cane toads
  A torpor snail (Spider:4)
  An unseen horror (D:13)
  3 rime drakes
  2 freezing wraiths
  The ghost of osoart the Changeling, a novice OpSh of Qazlal (D:6)
  8 komodo dragons
  An efreet (D:15)
  A tengu conjurer (D:13)
  26 yaktaurs
  6 trolls
  A merfolk (Lair:2)
  A meliai (shapeshifter) (D:14)
  15 meliai
  A hornet (D:10)
  21 tarantellas
  Grinder (D:6)
  A dream sheep (shapeshifter) (D:14)
  17 blink frogs
  2 raiju (Lair:5)
  4 dream sheep (Lair:4)
  25 jumping spiders
  A spriggan (shapeshifter) (D:15)
  2 spriggans (Lair:5)
  36 slime creatures
  A shadow (D:9)
  19 culicivoras
  11 small abominations (Lair:5)
  3 vampires
  7 wraiths
  2 ynoxinuls (Lair:5)
  9 wyverns
  A culicivora (shapeshifter) (D:15)
  Grum (D:8)
  12 basilisks
  47 yaks
  Eustachio (D:5)
  Menkaure (Ossuary)
  49 redbacks
  A chaos spawn (Lair:5)
  9 steam dragons
  13 vampire mosquitoes
  8 wargs
  4 hell hounds (Volcano)
  19 water moccasins
  An ice beast (D:7)
  3 black bears
  28 orc warriors
  7 ogres
  9 centaurs
  22 wolves
  3 kobold brigands
  11 bullfrogs
  2 gnoll sergeants
  3 scorpions
  5 wights (D:9)
  5 killer bees (D:9)
  4 electric eels
  3 howler monkeys
  5 hounds
  4 jellies
  20 orc priests
  Jessica (D:2)
  A sleepcap (D:7)
  2 iguanas
  22 orc wizards
  Natasha (thrice) (D:3)
  7 hell rats
  A boggart simulacrum (D:14)
  3 mummies (Ossuary)
  17 gnolls
  10 adders
  A shadow imp (D:7)
  3 white imps
  A worm (D:2)
  3 dart slugs
  102 orcs
  4 ball pythons
  13 endoplasms
  2 giant cockroaches (D:2)
  2 gnoll zombies (Ossuary)
  12 goblins
  11 hobgoblins
  5 quokkas
  4 bats
  4 frilled lizards
  4 gnoll skeletons (Ossuary)
  A goblin skeleton (Ossuary)
  3 goblin zombies (Ossuary)
  5 hobgoblin skeletons (Ossuary)
  6 hobgoblin zombies (Ossuary)
  21 kobolds
  5 kobold skeletons (Ossuary)
  5 kobold zombies (Ossuary)
  2 orc skeletons (Ossuary)
  6 orc zombies (Ossuary)
  A quokka zombie (D:5)
  3 rats (D:1)
  8 rat skeletons (Ossuary)
  4 rat zombies
1250 creatures vanquished.

Vanquished Creatures (collateral kills)
  Arachne (Spider:3)
  A tengu reaver (Vaults:4)
  An orc warlord (Vaults:1)
  A deep troll (Vaults:1)
  A phantasmal warrior (Vaults:4)
  2 ironbound convokers (Vaults:1)
  A vault sentinel (Vaults:1)
  A yaktaur (Vaults:1)
9 creatures vanquished.

Vanquished Creatures (others)
  A redback (Spider:4)
  A fire vortex (Lair:4)
2 creatures vanquished.

Grand Total: 1261 creatures vanquished

Notes
Turn   | Place    | Note
-------+----------+-------------------------------------------
     0 | D:1      | klm127 the Minotaur Fighter began the quest for the Orb.
     0 | D:1      | Reached XP level 1. HP: 19/19 MP: 0/0
   162 | D:1      | Reached XP level 2. HP: 18/27 MP: 1/1
   221 | D:1      | Reached skill level 3 in Axes
   526 | D:1      | Reached XP level 3. HP: 33/34 MP: 2/2
   703 | D:2      | Found an ancient bone altar of Kikubaaqudgha.
   705 | D:2      | Noticed Jessica
   711 | D:2      | Killed Jessica
   748 | D:2      | Reached skill level 4 in Axes
   748 | D:2      | Reached XP level 4. HP: 41/41 MP: 3/3
   837 | D:2      | You fall into a shaft and drop 2 floors!
   868 | D:4      | Reached skill level 5 in Fighting
  1242 | D:3      | Noticed Natasha
  1250 | D:3      | Killed Natasha
  1326 | D:3      | Reached XP level 5. HP: 48/48 MP: 4/4
  1498 | D:3      | Found a shimmering blue altar of Sif Muna.
  1611 | D:3      | Noticed Natasha
  1618 | D:3      | Killed Natasha
  1663 | D:3      | Noticed Natasha
  1667 | D:3      | Killed Natasha
  1668 | D:3      | Reached skill level 5 in Axes
  1892 | D:2      | Found a faded altar of an unknown god.
  2341 | D:4      | Identified the +0 robe "Otzelo Ifuew" {+Blink rElec Will-
                  | Dex-3}
  2346 | D:4      | Found an opulent altar of Gozag.
  2586 | D:3      | Reached skill level 6 in Axes
  2586 | D:3      | Reached XP level 6. HP: 42/57 MP: 5/5
  2690 | D:4      | Found the Hermit's Pendant {Faith Invo=14 Evo=0 MP+5}
  3025 | D:4      | Identified the +4 short sword of Fycieq {protect, Int+8}
  3754 | D:5      | Entered Level 5 of the Dungeon
  3777 | D:5      | Reached skill level 7 in Axes
  3936 | D:5      | Noticed Eustachio
  3990 | D:5      | Reached XP level 7. HP: 42/63 MP: 16/16
  4042 | D:5      | Found a sand-covered staircase.
  4063 | Ossuary  | Entered an ossuary
  4360 | Ossuary  | Noticed Menkaure
  4376 | Ossuary  | Killed Menkaure
  4377 | Ossuary  | Reached skill level 8 in Axes
  4620 | D:5      | Killed Eustachio
  4621 | D:5      | Reached skill level 9 in Axes
  4621 | D:5      | Reached skill level 5 in Armour
  4825 | D:5      | Found a glowing silver altar of Zin.
  5097 | D:6      | Reached XP level 8. HP: 70/70 MP: 7/7
  5353 | D:6      | Noticed Grinder
  5495 | D:6      | Found a transporter.
  5495 | D:6      | Noticed osoart's ghost (novice OpSh)
  5516 | D:6      | Found a transporter.
  5579 | D:6      | Paralysed by Grinder for 5 turns
  5585 | D:6      | Found an ancient bone altar of Kikubaaqudgha.
  5589 | D:6      | Killed Grinder
  5590 | D:6      | Reached skill level 10 in Axes
  6004 | D:6      | Killed osoart's ghost
  6005 | D:6      | Reached XP level 9. HP: 51/75 MP: 8/8
  6752 | D:7      | Found a staircase to the Ecumenical Temple.
  6786 | Temple   | Entered the Ecumenical Temple
  6981 | D:8      | Found a bloodstained altar of Trog.
  6987 | D:8      | Reached skill level 11 in Axes
  6987 | D:8      | Reached skill level 1 in Dodging
  7136 | D:8      | Reached skill level 10 in Shields
  7218 | D:8      | Found a sacrificial altar of Ru.
  7362 | D:8      | Found a glowing golden altar of the Shining One.
  7365 | D:8      | Became a worshipper of the Shining One
  7376 | D:8      | Found a radiant altar of Vehumet.
  7527 | D:8      | Noticed a death yak
  7527 | D:8      | Noticed a death yak
  7576 | D:9      | Noticed a two-headed ogre
  7584 | D:9      | Killed a two-headed ogre
  7585 | D:9      | Reached XP level 10. HP: 66/88 MP: 9/9
  7630 | D:9      | Reached skill level 12 in Axes
  7724 | D:9      | Found a flagged portal.
  7748 | Bailey   | Entered a bailey
  8012 | Bailey   | Noticed an orc knight
  8018 | Bailey   | HP: 2/84 [orc knight/+0 halberd (15)]
  8067 | Bailey   | Killed an orc knight
  8273 | D:9      | Noticed Gastronok
  8335 | D:9      | Killed Gastronok
  8336 | D:9      | Reached skill level 13 in Axes
  8541 | D:9      | Noticed Joseph
  8541 | D:9      | Reached * piety under the Shining One
  8574 | D:9      | Killed Joseph
  8575 | D:9      | Reached skill level 5 in Dodging
  8751 | D:9      | Found a burning altar of Makhleb.
  8895 | D:10     | Entered Level 10 of the Dungeon
  8895 | D:10     | Found a staircase to the Orcish Mines.
  8907 | D:10     | Reached XP level 11. HP: 76/97 MP: 10/10
  9031 | D:10     | Found an iron altar of Okawaru.
  9239 | D:10     | Noticed Harold
  9251 | D:10     | Killed Harold
  9252 | D:10     | Reached skill level 14 in Axes
  9283 | D:10     | Noticed a two-headed ogre
  9292 | D:10     | Killed a two-headed ogre
  9663 | D:10     | Found a sparkling altar of Nemelex Xobeh.
  9871 | D:10     | Reached skill level 10 in Fighting
 10337 | D:11     | Reached skill level 15 in Axes
 10799 | D:11     | Noticed a brown ugly thing
 10805 | D:11     | Killed a brown ugly thing
 10853 | D:11     | Reached ** piety under the Shining One
 11349 | D:11     | Found a blossoming altar of Fedhas.
 11930 | D:12     | Noticed a two-headed ogre
 11945 | D:11     | Killed a two-headed ogre
 12051 | D:12     | Noticed a two-headed ogre
 12055 | D:12     | Reached XP level 12. HP: 107/108 MP: 11/11
 12060 | D:12     | Killed a two-headed ogre
 12061 | D:12     | Reached skill level 16 in Axes
 12214 | D:12     | Found a transporter.
 12218 | D:12     | Found Zenleq's Antique Weapon Shoppe.
 12220 | D:12     | Found a transporter.
 12223 | D:12     | Bought a glowing broad axe for 161 gold pieces
 12342 | D:12     | Found a transporter.
 12349 | D:12     | Found a transporter.
 12451 | D:12     | Found a transporter.
 12457 | D:12     | Found a transporter.
 12588 | D:13     | Reached skill level 1 in Invocations
 12595 | D:13     | Reached skill level 1 in Evocations
 12651 | D:13     | Noticed a tengu warrior
 13126 | D:13     | Reached *** piety under the Shining One
 13128 | D:13     | Noticed an ironbound preserver
 13422 | Orc:1    | Entered Level 1 of the Orcish Mines
 13488 | Orc:1    | HP: 2/110 [orc knight/+3 heavy halberd (8)]
 14252 | Orc:2    | Entered Level 2 of the Orcish Mines
 14280 | Orc:2    | Noticed an orc high priest
 14293 | Orc:2    | Killed an orc high priest
 14456 | Orc:2    | Noticed an orc warlord
 14478 | Orc:2    | Reached skill level 10 in Armour
 14482 | Orc:2    | Killed an orc warlord
 14485 | Orc:2    | Found Udebaics's Antique Armour Boutique.
 14487 | Orc:2    | Found Voanica's Antique Weapon Shop.
 14493 | Orc:2    | Bought a glowing plate armour for 676 gold pieces
 14560 | Orc:2    | Found Kawkijug's Antique Weapon Shop.
 14659 | Orc:2    | Found a staircase to the Elven Halls.
 14723 | Orc:2    | Noticed a two-headed ogre
 14736 | Orc:2    | Killed a two-headed ogre
 14784 | Orc:2    | Reached **** piety under the Shining One
 14857 | Orc:2    | Found a dark tunnel.
 14903 | Volcano  | Entered a volcano
 14932 | Volcano  | Reached XP level 13. HP: 118/119 MP: 14/14
 15215 | Volcano  | Noticed a fire dragon
 15229 | Volcano  | Killed a fire dragon
 15768 | Orc:2    | Found Cuteacil's Antique Armour Shop.
 15788 | Orc:2    | Bought a pair of runed gloves for 262 gold pieces
 16418 | D:13     | Found a gate to the Vaults.
 16441 | D:13     | Reached ***** piety under the Shining One
 16585 | D:13     | Killed an ironbound preserver
 16955 | D:14     | Reached skill level 5 in Invocations
 17873 | D:14     | Reached skill level 5 in Evocations
 18132 | D:14     | Reached XP level 14. HP: 81/133 MP: 11/16
 18222 | D:14     | Reached skill level 17 in Axes
 18608 | D:14     | Found Tomocan's Weapon Boutique.
 18665 | D:15     | Entered Level 15 of the Dungeon
 18755 | D:15     | Paralysed by an ogre mage for 4 turns
 18763 | D:15     | Reached skill level 15 in Fighting
 19202 | D:15     | Reached skill level 18 in Axes
 19336 | D:15     | Noticed a cyan very ugly thing
 19362 | D:15     | Killed a cyan very ugly thing
 19847 | D:15     | Found a staircase to the Depths.
 19852 | D:15     | Noticed a purple very ugly thing
 19852 | D:15     | Reached ****** piety under the Shining One
 19857 | D:15     | Killed a purple very ugly thing
 19858 | D:15     | Reached skill level 19 in Axes
 19884 | D:15     | Noticed a storm dragon
 19894 | D:15     | a storm dragon changed into a quicksilver ooze
 19894 | D:15     | Noticed a quicksilver ooze (glowing shapeshifter)
 19895 | D:15     | a quicksilver ooze changed into a death yak
 20544 | D:8      | Found a staircase to the Lair.
 20588 | D:8      | Noticed Grum
 20597 | D:8      | Killed Grum
 20676 | Lair:1   | Entered Level 1 of the Lair of Beasts
 21002 | Lair:1   | Reached XP level 15. HP: 123/141 MP: 14/17
 21104 | Lair:1   | Found a stormy altar of Qazlal.
 21419 | Lair:2   | Found a staircase to the Shoals.
 21786 | Lair:2   | Reached skill level 15 in Shields
 21793 | Lair:2   | Reached skill level 20 in Axes
 22080 | Lair:2   | Found a runed translucent door.
 22086 | Lair:2   | Noticed pigah's ghost (journeyman OpSh)
 22099 | Lair:2   | Killed pigah's ghost
 22610 | Lair:3   | Reached skill level 1 in Throwing
 22735 | Lair:3   | Found a hole to the Spider Nest.
 24463 | Lair:4   | Found a runed translucent door.
 24464 | Lair:4   | Found a viscous altar of Jiyva.
 24466 | Lair:4   | Found a staircase to the Slime Pits.
 24660 | Lair:4   | Identified the +8 chain mail "Lote" {Rampage Dex+3}
 25386 | Lair:5   | Entered Level 5 of the Lair of Beasts
 25778 | Lair:5   | Reached skill level 21 in Axes
 25786 | Lair:5   | Found a corrupted altar of Lugonu.
 25786 | Lair:5   | Found a one-way gate to the infinite horrors of the Abyss.
 25882 | Lair:5   | Identified the +0 pair of boots of the Elephant {rPois}
 26278 | Lair:5   | Reached XP level 16. HP: 125/151 MP: 25/25
 27118 | Spider:1 | Entered Level 1 of the Spider Nest
 27137 | Spider:1 | Reached skill level 5 in Throwing
 27663 | Spider:1 | Found a runed translucent door.
 27697 | Spider:1 | Found a shimmering altar of Xom.
 27697 | Spider:1 | Noticed lessens's ghost (journeyman HOFi)
 27697 | Spider:1 | Identified the +6 great sword of Qauhatec {chaos, Dex+5
                  | Stlth+}
 27727 | Spider:1 | Killed lessens's ghost
 27731 | Spider:1 | Identified the ring of Coronation {rC+ Will+ Int+6 Stlth+}
 30094 | Spider:2 | Reached skill level 22 in Axes
 30830 | Spider:3 | Noticed Arachne
 30864 | Spider:3 | Killed Arachne
 31737 | Spider:3 | Reached XP level 17. HP: 153/160 MP: 26/26
 31944 | Spider:3 | Gained mutation: You have large cloven feet. [potion of
                  | mutation]
 31944 | Spider:3 | Gained mutation: You are somewhat resistant to further
                  | mutation. [potion of mutation]
 31944 | Spider:3 | Gained mutation: You are vulnerable to heat. (rF-) [potion
                  | of mutation]
 31945 | Spider:3 | Lost mutation: You have large cloven feet. [potion of
                  | mutation]
 31945 | Spider:3 | Lost mutation: You are vulnerable to heat. (rF-) [potion of
                  | mutation]
 31945 | Spider:3 | Lost mutation: You are somewhat resistant to further
                  | mutation. [potion of mutation]
 31945 | Spider:3 | Gained mutation: You are clumsy. (Dex -2) [potion of
                  | mutation]
 31945 | Spider:3 | Gained mutation: Your movements are slightly less
                  | encumbered by armour. (ER -2) [potion of mutation]
 31946 | Spider:3 | Lost mutation: You are clumsy. (Dex -2) [potion of
                  | mutation]
 31946 | Spider:3 | Lost mutation: Your movements are slightly less encumbered
                  | by armour. (ER -2) [potion of mutation]
 31946 | Spider:3 | Gained mutation: You occasionally shout uncontrollably at
                  | your foes. [potion of mutation]
 31946 | Spider:3 | Gained mutation: You are covered in fur. (AC +1) [potion of
                  | mutation]
 31947 | Spider:3 | Lost mutation: You occasionally shout uncontrollably at
                  | your foes. [potion of mutation]
 31947 | Spider:3 | Lost mutation: You are covered in fur. (AC +1) [potion of
                  | mutation]
 31947 | Spider:3 | Gained mutation: You are partially covered in large bone
                  | plates. (SH +4) [potion of mutation]
 31947 | Spider:3 | Gained mutation: You have a pair of large horns on your
                  | head. [potion of mutation]
 31947 | Spider:3 | Gained mutation: You passively map a small area around you.
                  | [potion of mutation]
 32082 | Spider:3 | Reached skill level 15 in Armour
 32620 | Spider:4 | Entered Level 4 of the Spider Nest
 33598 | Spider:4 | Got a gossamer rune of Zot
 35537 | Elf:1    | Entered Level 1 of the Elven Halls
 36068 | Vaults:1 | Entered Level 1 of the Vaults
 37378 | Vaults:1 | Reached XP level 18. HP: 71/171 MP: 27/27
 38029 | Vaults:1 | Reached skill level 23 in Axes
 40689 | Vaults:2 | Found a flickering gateway to a bazaar.
 40694 | Bazaar   | Entered a bazaar
 40694 | Bazaar   | Found Josedgh's Jewellery Shoppe.
 40846 | Bazaar   | Found Cesy's General Store.
 40857 | Bazaar   | Found Jyodaps's Antique Armour Emporium.
 40865 | Bazaar   | Found Ynor's Magic Scroll Emporium.
 40876 | Bazaar   | Found Qotwen's Antique Weapon Boutique.
 40910 | Bazaar   | Bought glowing storm dragon scales for 1743 gold pieces
 40941 | Bazaar   | Bought a scroll of fear for 36 gold pieces
 40941 | Bazaar   | Bought a scroll of blinking for 67 gold pieces
 41151 | Vaults:2 | Noticed Mara
 41160 | Vaults:2 | Noticed klm127's illusion
 41175 | Vaults:2 | Killed Mara
 42496 | Vaults:2 | Found a staircase to the Crypt.
 42496 | Vaults:2 | Found a basalt altar of Yredelemnul.
 42497 | Vaults:2 | Found an ancient bone altar of Kikubaaqudgha.
 42833 | Vaults:2 | Identified a +2 broad axe of holy wrath (a +0 broad axe
                  | blessed by the Shining One)
 42833 | Vaults:2 | Received a gift from the Shining One
 43477 | Vaults:3 | Reached skill level 10 in Throwing
 43765 | Vaults:3 | Reached XP level 19. HP: 181/181 MP: 28/28
 44161 | Vaults:3 | Noticed Bai Suzhen
 44336 | Vaults:2 | Killed Bai Suzhen
 45102 | Vaults:3 | Identified the +1 kite shield of Failure {Str+3}
 47244 | Vaults:4 | Noticed Sojobo
 47247 | Vaults:4 | Noticed Donald
 47272 | Vaults:4 | HP: 6/183 [tengu reaver/+0 great mace (7)]
 47278 | Vaults:4 | The Shining One protects you from harm!
 47330 | Vaults:4 | Mangled by Donald

Illustrated notes

Levels and vault maps discovered:
D:1:      giann_bridges, layout_basic
D:2:      layout_basic, basic_altar, basic_ecumenical_altar,
          mrwooster_statue_mirror, uniq_jessica
D:3:      layout_basic, led_sif_pool, uniq_natasha
D:4:      layout_layer_cave, kennysheep_mini
D:5:      layout_rooms, lemuel_coloured_pillars_altar, enter_ossuary_4,
          uniq_eustachio
D:6:      layout_basic, kennysheep_little_box, gammafunk_ghost_arena,
          uniq_grinder
D:7:      layout_loops_ring, minmay_temple_entry_junction,
          minmay_misc_feat_roman
D:8:      layout_rooms, trog_ov_bears_minmay, hangedman_ru_absence,
          mainiacjoe_overflow_swirl, dpeg_lair_monsters, serial_glass,
          glass_columns_b, glass_columns_a, glass_columns_a, glass_columns_c,
          glass_columns_a, glass_columns_b, glass_columns_b, glass_columns_b,
          glass_columns_a, glass_columns_b, uniq_grum
D:9:      layout_big_octagon, mainiacjoe_overflow_chevrons, enter_bailey_3,
          uniq_joseph, uniq_gastronok
D:10:     layout_layer_cave, nemelex_spade_bored_becter,
          okawaru_ov_weapons_minmay, david_orc_3, uniq_harold
D:11:     layout_basic, fedhas_altar_3
D:12:     layout_rooms, serial_shops, shop, serial_nicolae_subway,
          nicolae_sub_station_stone, nicolae_sub_station_metal,
          nicolae_sub_station_crystal
D:13:     layout_long_grid, skrybe_vaults_entry_preservation
D:14:     hangedman_cross_cluster, layout_rooms, serial_park_tiny_2,
          serial_shops, shop
D:15:     gammafunk_enter_depths_forms, layout_basic, minmay_misc_feat_square
Temple:   nicolae_temple_ecumenical_triangle
Lair:1:   layout_gridlike, basic_altar, serial_bayou_lagoon_b
Lair:2:   layout_chaotic_city, elwin_shoals_entry_stream,
          ebering_ghost_reflecting_pool, guppyfry_lair_drakes
Lair:3:   cheibrodos_lair_river_kwai, layout_hall_layers,
          hellmonk_spider_entry_life_and_decay, st_stairs_10,
          serial_bayou_shore_b
Lair:4:   layout_gridlike, slime_entry_2, nzn_random_ring
Lair:5:   hellmonk_lair_end_abyssal_woods, layout_gridlike
Spider:1: layout_spider_delve, ebering_ghost_xom,
          hangedman_spider_tarantella_strand
Spider:2: cheibrodos_forgotten_conduit, nicolae_spider_webbed_stairs,
          nicolae_spider_cling_halls
Spider:3: layout_cave_pods, nicolae_spider_wall_of_niches, uniq_arachne
Spider:4: grunt_spider_rune_circles
Orc:1:    layout_caves, basic_altar
Orc:2:    grunt_orc_community_town_hall, layout_caves,
          grunt_orc_community_big_house_1, grunt_orc_community_big_house_1,
          grunt_orc_community_house_3, grunt_orc_community_house_2,
          grunt_orc_community_house_3, grunt_orc_community_house_2,
          grunt_orc_community_house_3, nicolae_volcano_entry_vermiform
Elf:1:    elf_arrival_002, layout_rooms, serial_shops,
          nicolae_shop_tiny_waterfront, minivault_28,
          roderic_lattice_octagonal_star
Vaults:1: hangedman_vaults_nails, v_misc_8, nicolae_vaults_storage_room_glass,
          nicolae_vaults_frosty_reception, nicolae_vaults_network_star,
          nicolae_vaults_house_2, nicolae_vaults_doubleplus_tesselated,
          v_rooms_5, vaults_dpeg_diagonal, nicolae_vaults_shelves_hall,
          hangedman_vaults_corner_blocks, nicolae_vaults_sesquioval_fish,
          st_smaller_cells, ontoclasm_vaults_ligature, layout_vaults_maze_bifur
Vaults:2: nicolae_vaults_storage_closets_1, hangedman_vaults_slice,
          nicolae_vaults_trapezoid_lopsided_4, minmay_crypt_entry_necro_gods,
          nicolae_vaults_diamond_2, nicolae_vaults_oval_intersection,
          vaults_room_stairs_pillars, nicolae_vaults_apartment_1,
          layout_vaults_chaotic_city, serial_shops, bzr_entry_road, uniq_mara
Vaults:3: hangedman_vaults_slither, ontoclasm_vaults_fault, v_misc_24,
          hangedman_vaults_locks, nicolae_vaults_mini_display_case,
          nicolae_vaults_door_testing_chamber, vaults_room_glass_cross,
          vaults_room_ringed_pool, ontoclasm_vaults_spin,
          nicolae_vaults_network_quinsquares
          [nicolae_vaults_network_quincunx_subvault,
          nicolae_vaults_network_quincunx_subvault,
          nicolae_vaults_network_quincunx_subvault,
          nicolae_vaults_network_quincunx_subvault], layout_vaults_omnicross,
          uniq_bai_suzhen
Vaults:4: mu_enter_wizlab_6, nicolae_vaults_murder_corner, nicolae_vaults_theta,
          ontoclasm_vaults_decontamination, nicolae_vaults_double_plus_3,
          dpeg_vaults_monster_box, nicolae_vaults_little_squares_5,
          layout_vaults_omnigrid, uniq_frederick, uniq_saint_roka, uniq_donald,
          uniq_sojobo

Skill      XL: |  1  2  3  4  5  6  7  8  9 10 11 12 13 14 15 16 17 18 19 |
---------------+----------------------------------------------------------+-----
Fighting       | 4 5 6 7 9 10 12 14 15 16 17 18 19 | 19.2
Axes           | 3 4 6 7 9 10 11 13 15 16 19 21 22 23 | 23.8
Armour         | 4 5 6 7 8 10 11 12 13 14 15 16 | 16.3
Shields        | 4 9 10 11 12 14 15 16 18 19 20 | 20.9
Dodging        | 3 5 7 |  7.0
Invocations    | 3 5 |  5.0
Evocations     | 3 5 |  5.0
Throwing       | 4 6 8 10 | 10.0

Action                     |  1- 3 |  4- 6 |  7- 9 | 10-12 | 13-15 | 16-18 | 19-21 || total
---------------------------+-------+-------+-------+-------+-------+-------+-------++-------
  Melee: War axe           |    64 |   132 |   276 |   541 |  1068 |  1431 |    66 ||  3578
         Headbutt          |     7 |    22 |    48 |   149 |   353 |   548 |   140 ||  1267
         Morningstar       |       |       |       |       |    47 |       |       ||    47
         Broad axe         |       |       |       |       |       |     8 |   230 ||   238
  Throw: Dart              |       |     3 |     1 |     2 |     4 |       |       ||    10
 Invoke: Divine Shield     |       |       |       |     2 |     2 |     3 |     4 ||    11
         Summon Divine War |       |       |       |       |       |     2 |     1 ||     3
         Brand Weapon With |       |       |       |       |       |     1 |       ||     1
         Cleansing Flame   |       |       |       |       |       |       |     1 ||     1
  Evoke: Wand              |       |       |       |       |     4 |     1 |       ||     5
    Use: Scroll            |       |     7 |     3 |    10 |     9 |    15 |     8 ||    52
         Potion            |       |       |       |     9 |     7 |    16 |    11 ||    43
 Armour: Scale mail        |    27 |    42 |       |       |       |       |       ||    69
         Plate armour      |       |    13 |   116 |   174 |   439 |       |       ||   742
         Chain mail        |       |       |       |       |   109 |   731 |     9 ||   849
         Storm dragon scal |       |       |       |       |       |    31 |   124 ||   155
  Dodge: Dodged            |    29 |    61 |    53 |   139 |   316 |   586 |    81 ||  1265
  Block: Buckler           |     9 |    23 |   113 |   298 |   305 |   762 |   196 ||  1706
         Reflection        |       |       |     2 |    20 |     3 |       |       ||    25

Table legend: (Time is in decaauts)
 A = Elapsed time spent in this place.
 B = Non-inter-level travel time spent in this place.
 C = Inter-level travel time spent in this place.
 D = Time resting spent in this place.
 E = Time spent auto-exploring this place.
 F = Levels seen in this place.
 G = Mean time per level.
                   A        B        C        D        E       F      G
               +--------+--------+--------+--------+--------+-----+--------+
         Total |  46468 |  44193 |   2275 |  15139 |  16509 |  36 | 1290.8 |
       Dungeon |  17079 |  16012 |   1067 |   3678 |   8254 |  15 | 1138.6 |
        Temple |      1 |      1 |      0 |      0 |      0 |   1 |    1.0 |
          Lair |   6383 |   6088 |    295 |   1110 |   3779 |   5 | 1276.6 |
   Spider Nest |   7962 |   7758 |    204 |   3671 |   2485 |   4 | 1990.5 |
  Orcish Mines |   2677 |   2294 |    383 |    751 |    885 |   2 | 1338.5 |
   Elven Halls |     12 |     12 |      0 |      0 |      0 |   1 |   12.0 |
        Vaults |  10657 |  10333 |    324 |   5399 |   1036 |   4 | 2664.2 |
        Bazaar |    286 |    286 |      0 |    142 |     20 |   1 |  286.0 |
       Ossuary |    485 |    485 |      0 |     27 |      0 |   1 |  485.0 |
        Bailey |    513 |    513 |      0 |    176 |      0 |   1 |  513.0 |
       Volcano |    408 |    408 |      0 |    185 |     49 |   1 |  408.0 |
               +--------+--------+--------+--------+--------+-----+--------+

Top non-repeatable levels by time:
Vaults:1: 4076 daAuts
Vaults:2: 3204 daAuts
Vaults:3: 2615 daAuts
Spider:4: 2553 daAuts
Spider:3: 2035 daAuts
    D:11: 1890 daAuts
Spider:2: 1816 daAuts
   Orc:2: 1749 daAuts
    D:13: 1689 daAuts
  Lair:5: 1597 daAuts
Spider:1: 1557 daAuts
  Lair:3: 1494 daAuts
    D:15: 1478 daAuts
    D:10: 1440 daAuts
     D:4: 1412 daAuts
